Binghampton Senators vs Manchester Monarchs

Created - 21 février 2024 at 20:19

Goals
1 2 3 T
Binghampton Senators 3 3 3 9
Manchester Monarchs 1 1 0 2
Shots
1 2 3 T
Binghampton Senators 10 13 13 36
Manchester Monarchs 9 13 1 23

GoalsPenalties
1st period
1. Binghampton Senators , Tye Kartye 63 (Tyler Angle 11) at 1:23
2. Binghampton Senators , Brandon Gignac 29 (Olle Lycksell 51) at 4:55
3. Binghampton Senators , Olle Lycksell 74 (Joseph Cecconi 22, Justin Kirkland 38) at 6:24
4. Manchester Monarchs , Connor McMichael 50 (Brendan Lemieux 44, Cole Guttman 77) at 14:25
Kevin Connauton (MON) for Fighting (Major) at 6:49
Ben Jones (SEN) for Fighting (Major) at 6:49
Elliot Desnoyers (MON) for Fighting (Major) at 6:52
Alex Petrovic (SEN) for Fighting (Major) at 6:52
Filip Kral (MON) for Fighting (Major) at 15:33
Roland McKeown (SEN) for Fighting (Major) at 15:33
2nd period
5. Binghampton Senators , Olle Lycksell 75 (Joseph Cecconi 23, Brandon Gignac 35) at 9:51
6. Manchester Monarchs , Max Jones 17 (Kevin Connauton 21, Angus Crookshank 12) at 11:42
7. Binghampton Senators , Joseph Cecconi 2 (Hendrix Lapierre 12, Nick Cicek 25) at 14:20
8. Binghampton Senators , Alex Petrovic 8 (Jonah Gadjovich 49, Nick Cicek 26) at 14:49
Kevin Connauton (MON) for Roughing (Minor) at 0:56
3rd period
9. Binghampton Senators , Oskar Back 17 (Joseph Cecconi 24) at 1:02
10. Binghampton Senators , Jonah Gadjovich 35 (Ben Jones 97) at 1:07
11. Binghampton Senators , Tye Kartye 64 (Hendrix Lapierre 13) at 13:30
Connor McMichael (MON) for Fighting (Major) at 1:03
Tye Kartye (SEN) for Fighting (Major) at 1:03
Daemon Hunt (MON) for Fighting (Major) at 1:12
Ben Jones (SEN) for Fighting (Major) at 1:12
Walker Duehr (MON) for Fighting (Major) at 1:15
Jonah Gadjovich (SEN) for Fighting (Major) at 1:15
Alex Petrovic (SEN) for Hooking (Minor) at 1:22
Xavier Bourgault (SEN) for Holding Stick (Minor) at 7:12
Brendan Lemieux (MON) for Fighting (Major) at 13:37
Justin Kirkland (SEN) for Fighting (Major) at 13:37
Brendan Lemieux (MON) for instigated a fight (Minor) at 13:37
Brendan Lemieux (MON) for instigated a fight (10 Minutes Misconduct) at 13:37
Goalie Stats
Olle Eriksson Ek (SEN), 21 saves from 23 shots - (0,913), W, 3-4-0, 60:00 minutes
Matthew Murray (MON), 22 saves from 27 shots - (0,815), L, 13-9-1, 48:44 minutes
Unknown Goalie (MON), 5 saves from 9 shots - (0,556), 11:16 minutes
3 StarsOfficial
1 - Joseph Cecconi (SEN)
2 - Olle Lycksell (SEN)
3 - Brandon Gignac (SEN)
Referees : Kendrick Nicholson and Tom Chmielewski
Linesman : Jeff Walker and Neil Campbell
Game Note
Kevin Connauton and Ben Jones fight to a draw at 6:49 of 1st period
Elliot Desnoyers beats up Alex Petrovic at 6:52 of 1st period
Filip Kral beats up Roland McKeown at 15:33 of 1st period
Unknown Goalie enters game at 9:51 of 2nd period
Connor McMichael and Tye Kartye fight to a draw at 1:03 of 3rd period
Matthew Murray enters game at 1:07 of 3rd period
Daemon Hunt and Ben Jones fight to a draw at 1:12 of 3rd period
Jonah Gadjovich beats up Walker Duehr at 1:15 of 3rd period
Brendan Lemieux and Justin Kirkland fight to a draw at 13:37 of 3rd period
Finance
Level 1 -- Attendance: 1849 (92,45%) -- Ticket Income $55,470
Level 2 -- Attendance: 1000 (100,00%) -- Ticket Income $12,000
Total Attendance: 2849 (94,97%)
Total Ticket Income: $67,470
Other Income: $33,060
Total Income: $100,530



Team Name Goals Shots Shots Attemp Shots Blocked PIM HIT PP PK FO%
Binghampton Senators 93659739230 / 2 (0%)055%
Manchester Monarchs 22343849280 / 2 (0%)045%

Binghampton Senators
Player Name POS G A P +/- PIM HIT SHT SB MP PP MP PP SHT PK MP PK SHT FO% FOT GA TA
Alex PetrovicD1010722120:442:2300:5400% 011
Anttoni HonkaD0002001016:570:0000:5400% 001
Beck MalenstynC/LW/RW0000030014:110:0000:1500% 000
Ben JonesC01121023017:412:0411:09064% 2200
Brandon GignacC/LW1122013016:591:4001:06058% 1210
Danila KlimovichC/RW0000002014:500:2200:09033% 310
Hendrix LapierreC022300107:060:0000:00033% 300
Jonah GadjovichLW/RW1122536118:442:0310:41050% 210
Joseph CecconiD1345022121:281:3501:4200% 010
Justin KirklandC/LW/RW0112521014:410:5300:4700% 000
Nick CicekD0220022123:502:2302:0800% 000
Olle LycksellRW2132025016:141:4900:2100% 120
Oskar BackC/RW1010004215:260:0001:29050% 200
Philip KempD0002001018:050:0000:1800% 000
Roland McKeownD0005520120:121:3502:0000% 001
Tye KartyeLW2023523023:302:1311:09050% 212
Tyler AngleC/LW011300007:410:0000:0000% 100
Xavier BourgaultC000220007:340:5000:50067% 300
Manchester Monarchs
Player Name POS G A P +/- PIM HIT SHT SB MP PP MP PP SHT PK MP PK SHT FO% FOT GA TA
Adam BeckmanC/LW000-300108:540:0000:0000% 000
Angus CrookshankLW0111001012:200:0000:0000% 000
Brady KeeperD000-3010116:350:0300:3800% 002
Brendan LemieuxLW/RW011-11732117:071:5500:530100% 120
Cole GuttmanC011-1011019:262:0801:44047% 1910
Connor BunnamanC/LW000-303008:540:0000:00083% 600
Connor McMichaelC/LW101-1503018:221:0102:0600% 200
Daemon HuntD000-1520119:371:1001:4900% 001
David GustafssonC000-4021116:511:3900:00041% 1701
Elliot DesnoyersC/LW000-4534017:341:4701:5200% 101
Filip KralD000-3520015:390:5200:0900% 000
Jacob ChristiansenD000-3010123:521:5602:0900% 010
Kevin ConnautonD011-1731120:292:0201:0200% 000
Marcus BjorkD000-3021223:551:5602:0900% 002
Mathias Emilio PettersenC/LW/RW000-3011012:131:1300:0800% 000
Max JonesC/LW/RW1011013012:410:1500:0000% 000
Walker DuehrRW000-4512015:350:5100:0000% 101
William EklundC/LW0001022015:501:0201:13025% 410

Binghampton Senators

5 vs 5 Forward
Line #Left WingCenterRight WingPHYDFOFWanted %Time %Time Play
1Tye KartyeBen JonesJonah Gadjovich1224036%18:50
2Justin KirklandBrandon GignacOlle Lycksell1223026%13:20
3Beck MalenstynDanila KlimovichOskar Back1222025%12:48
4Tyler AngleHendrix LapierreTye Kartye1221014%7:06
5 vs 5 Defense
Line #DefenseDefensePHYDFOFWanted %Time %Time Play
1Nick CicekAlex Petrovic1224037%19:20
2Roland McKeownJoseph Cecconi1223032%16:37
3Philip KempAnttoni Honka1222026%13:19
4Nick CicekAlex Petrovic122105%2:48
Power Play Forward
Line #Left WingCenterRight WingPHYDFOFWanted %Time %Time Play
1Tye KartyeBen JonesJonah Gadjovich1226054%2:09
2Justin KirklandBrandon GignacOlle Lycksell1224046%1:49
Power Play Defense
Line #DefenseDefensePHYDFOFWanted %Time %Time Play
1Nick CicekAlex Petrovic1226060%2:23
2Roland McKeownJoseph Cecconi1224040%1:35
Penalty Kill 4 Players Forward
Line #CenterWingPHYDFOFWanted %Time %Time Play
1Tye KartyeBen Jones1226091%3:37
2Jonah GadjovichOlle Lycksell122409%0:21
Penalty Kill 4 Players Defense
Line #DefenseDefensePHYDFOFWanted %Time %Time Play
1Nick CicekAlex Petrovic1226057%2:16
2Roland McKeownJoseph Cecconi1224043%1:42
Penalty Kill 3 Players
Line #WingPHYDFOFWanted %Time %Time PlayDefenseDefensePHYDFOFWanted %Time %Time Play
1Tye Kartye122600%0:00 Nick CicekAlex Petrovic122600%0:00
2Ben Jones122400%0:00 Roland McKeownJoseph Cecconi122400%0:00
4 vs 4 Forward
Line #CenterWingPHYDFOFWanted %Time %Time Play
1Tye KartyeBen Jones122600%0:00
2Jonah GadjovichOlle Lycksell122400%0:00
4 vs 4 Defense
Line #DefensePHYDFOFWanted %Time %Time Play
1Nick CicekAlex Petrovic122600%0:00
2Roland McKeownJoseph Cecconi122400%0:00
Last Minutes Offensive
Left WingCenterRight WingDefenseDefense
Tye KartyeBen JonesJonah GadjovichNick CicekAlex Petrovic
Last Minutes Defensive
Left WingCenterRight WingDefenseDefense
Tye KartyeBen JonesJonah GadjovichNick CicekAlex Petrovic
Time
Total ForwardTotal DefenseLast Minutes OffensiveLast Minutes Defensive
60:00 60:00 0:000:00
Extra Forwards
Normal PowerPlayPenalty Kill
Xavier Bourgault, Danila Klimovich, Oskar BackXavier Bourgault, Danila KlimovichOskar Back
Extra Defensemen
Normal PowerPlayPenalty Kill
Philip Kemp, Anttoni Honka, Roland McKeownPhilip Kemp, Anttoni HonkaRoland McKeown
Penalty Shots
Tye Kartye, Ben Jones, Jonah Gadjovich, Olle Lycksell, Brandon Gignac
Goalie
Olle Eriksson Ek, Collin Delia
Scratches
Mitch Eliot (Healthy), Jake Massie (Healthy), Keean Washkurak (Healthy), Kyle Olson (Healthy), Carson Gicewicz (Healthy) Wyatt Bongiovanni (Healthy), Filip Engaras (Healthy), Jonas Johansson (Healthy)

Manchester Monarchs

5 vs 5 Forward
Line #Left WingCenterRight WingPHYDFOFWanted %Time %Time Play
1Connor McMichaelCole GuttmanBrendan Lemieux0143330%15:24
2Elliot DesnoyersDavid GustafssonWalker Duehr0143330%15:26
3Max JonesWilliam EklundAngus Crookshank1222624%12:20
4Adam BeckmanConnor BunnamanMathias Emilio Pettersen122817%8:54
5 vs 5 Defense
Line #DefenseDefensePHYDFOFWanted %Time %Time Play
1Marcus BjorkJacob Christiansen0233735%18:14
2Kevin ConnautonDaemon Hunt0233736%18:50
3Filip KralBrady Keeper0322628%14:40
4Marcus BjorkJacob Christiansen12201%0:20
Power Play Forward
Line #Left WingCenterRight WingPHYDFOFWanted %Time %Time Play
1Connor McMichaelCole GuttmanBrendan Lemieux1045055%2:11
2Elliot DesnoyersDavid GustafssonWalker Duehr1045045%1:47
Power Play Defense
Line #DefenseDefensePHYDFOFWanted %Time %Time Play
1Marcus BjorkJacob Christiansen1045049%1:56
2Kevin ConnautonDaemon Hunt1045051%2:02
Penalty Kill 4 Players Forward
Line #CenterWingPHYDFOFWanted %Time %Time Play
1Cole GuttmanElliot Desnoyers1405044%1:44
2Connor McMichaelBrendan Lemieux1405056%2:14
Penalty Kill 4 Players Defense
Line #DefenseDefensePHYDFOFWanted %Time %Time Play
1Marcus BjorkJacob Christiansen1405054%2:09
2Kevin ConnautonDaemon Hunt1405046%1:49
Penalty Kill 3 Players
Line #WingPHYDFOFWanted %Time %Time PlayDefenseDefensePHYDFOFWanted %Time %Time Play
1Cole Guttman122600%0:00 Marcus BjorkJacob Christiansen122600%0:00
2Connor McMichael122400%0:00 Kevin ConnautonDaemon Hunt122400%0:00
4 vs 4 Forward
Line #CenterWingPHYDFOFWanted %Time %Time Play
1William EklundMax Jones023500%0:00
2Connor BunnamanAdam Beckman023500%0:00
4 vs 4 Defense
Line #DefensePHYDFOFWanted %Time %Time Play
1Filip KralBrady Keeper032500%0:00
2Kevin ConnautonDaemon Hunt032500%0:00
Last Minutes Offensive
Left WingCenterRight WingDefenseDefense
Connor McMichaelCole GuttmanBrendan LemieuxMarcus BjorkJacob Christiansen
Last Minutes Defensive
Left WingCenterRight WingDefenseDefense
Connor McMichaelCole GuttmanBrendan LemieuxMarcus BjorkJacob Christiansen
Time
Total ForwardTotal DefenseLast Minutes OffensiveLast Minutes Defensive
60:00 60:00 0:000:00
Extra Forwards
Normal PowerPlayPenalty Kill
Mathias Emilio Pettersen, William Eklund, Connor McMichaelMathias Emilio Pettersen, William EklundWilliam Eklund
Extra Defensemen
Normal PowerPlayPenalty Kill
Filip Kral, Brady Keeper, Kevin ConnautonFilip Kral, Brady KeeperKevin Connauton
Penalty Shots
Elliot Desnoyers, Connor McMichael, Angus Crookshank, Mathias Emilio Pettersen, Brendan Lemieux
Goalie
Matthew Murray, Unknown Goalie
Scratches
Devante Stephens (Healthy), Tanner Laczynski (Healthy), Riley Damiani (Healthy), Cole Reinhardt (Healthy), Maxim Marushev (Healthy) Justin Sourdif (Healthy), Carter Savoie (Healthy), Jachym Kondelik (Healthy), Jakub Skarek (Healthy), Erik Kallgren (Healthy)


Play-by-Play

1st period


0:01 of 1st period - Brendan Lemieux wins face-off versus Ben Jones in neutral zone.
0:26 of 1st period - David Gustafsson is hit by Alex Petrovic and loses puck.
0:35 of 1st period - Slapshot by Jacob Christiansen.
0:35 of 1st period - Shot Blocked by Nick Cicek.
1:09 of 1st period - Icing by Filip Kral.
1:10 of 1st period - Connor Bunnaman wins face-off versus Tyler Angle in Manchester Monarchs zone.
1:23 of 1st period - Snap shot by Tye Kartye.
1:23 of 1st period - Goal by Tye Kartye - Binghampton Senators : 1 - Manchester Monarchs : 0.
1:24 of 1st period - Ben Jones wins face-off versus Connor McMichael in neutral zone.
3:02 of 1st period - Snap shot by Justin Kirkland.
3:02 of 1st period - Shot Misses the Net.
3:04 of 1st period - Slapshot by Anttoni Honka.
3:04 of 1st period - Stopped by Matthew Murray with a rebound.
3:06 of 1st period - Slapshot by Philip Kemp.
3:06 of 1st period - Shot Misses the Net.
3:20 of 1st period - Slapshot by Angus Crookshank.
3:20 of 1st period - Stopped by Olle Eriksson Ek with a rebound.
3:36 of 1st period - Wrist shot by Elliot Desnoyers.
3:36 of 1st period - Stopped by Olle Eriksson Ek with a rebound.
3:38 of 1st period - Wrist shot by Elliot Desnoyers.
3:38 of 1st period - Stopped by Olle Eriksson Ek with a rebound.
3:40 of 1st period - Slapshot by Daemon Hunt.
3:40 of 1st period - Deflect By Walker Duehr.
3:40 of 1st period - Stopped by Olle Eriksson Ek without a rebound.
3:41 of 1st period - Brandon Gignac wins face-off versus Cole Guttman in Binghampton Senators zone.
4:21 of 1st period - Slapshot by Walker Duehr.
4:21 of 1st period - Shot Misses the Net.
4:51 of 1st period - Snap shot by Brandon Gignac.
4:51 of 1st period - Deflect By Olle Lycksell.
4:51 of 1st period - Shot Misses the Net.
4:51 of 1st period - Puck is out of play.
4:52 of 1st period - Brandon Gignac wins face-off versus Connor Bunnaman in Manchester Monarchs zone.
4:55 of 1st period - Slapshot by Brandon Gignac.
4:55 of 1st period - Goal by Brandon Gignac - Binghampton Senators : 2 - Manchester Monarchs : 0.
4:56 of 1st period - Ben Jones wins face-off versus Walker Duehr in neutral zone.
5:21 of 1st period - Connor McMichael is hit by Olle Lycksell and loses puck.
6:22 of 1st period - Snap shot by Justin Kirkland.
6:22 of 1st period - Stopped by Matthew Murray with a rebound.
6:24 of 1st period - Snap shot by Joseph Cecconi.
6:24 of 1st period - Deflect By Olle Lycksell.
6:24 of 1st period - Goal by Olle Lycksell - Binghampton Senators : 3 - Manchester Monarchs : 0.
6:25 of 1st period - Ben Jones wins face-off versus Cole Guttman in neutral zone.
6:49 of 1st period - Kevin Connauton and Ben Jones fight to a draw.
6:49 of 1st period - Penalty to Kevin Connauton for Fighting.
6:49 of 1st period - Penalty to Ben Jones for Fighting.
6:50 of 1st period - Xavier Bourgault wins face-off versus David Gustafsson in Binghampton Senators zone.
6:52 of 1st period - Elliot Desnoyers beats up Alex Petrovic.
6:52 of 1st period - Penalty to Elliot Desnoyers for Fighting.
6:52 of 1st period - Penalty to Alex Petrovic for Fighting.
6:53 of 1st period - David Gustafsson wins face-off versus Jonah Gadjovich in Binghampton Senators zone.
7:20 of 1st period - Brendan Lemieux is hit by Brandon Gignac and loses puck.
7:27 of 1st period - Nick Cicek is hit by Brendan Lemieux.
7:41 of 1st period - Snap shot by Danila Klimovich.
7:41 of 1st period - Shot Blocked by Jacob Christiansen.
7:47 of 1st period - Slapshot by Danila Klimovich.
7:47 of 1st period - Shot Misses the Net.
8:03 of 1st period - Snap shot by Hendrix Lapierre.
8:03 of 1st period - Stopped by Matthew Murray with a rebound.
8:11 of 1st period - Mathias Emilio Pettersen is hit by Tye Kartye and loses puck.
8:42 of 1st period - Oskar Back is hit by Daemon Hunt and loses puck.
9:21 of 1st period - Max Jones is hit by Justin Kirkland and loses puck.
9:32 of 1st period - David Gustafsson is hit by Tye Kartye and loses puck.
10:03 of 1st period - Snap shot by Jonah Gadjovich.
10:03 of 1st period - Stopped by Matthew Murray without a rebound.
10:04 of 1st period - Brandon Gignac wins face-off versus William Eklund in Manchester Monarchs zone.
10:15 of 1st period - Slapshot by Olle Lycksell.
10:15 of 1st period - Shot Blocked by Daemon Hunt.
11:04 of 1st period - Tye Kartye is hit by David Gustafsson and loses puck.
11:15 of 1st period - Olle Lycksell is hit by Max Jones and loses puck.
11:54 of 1st period - Mathias Emilio Pettersen is hit by Roland McKeown.
12:11 of 1st period - Snap shot by Brandon Gignac.
12:11 of 1st period - Shot Blocked by David Gustafsson.
12:25 of 1st period - Alex Petrovic is hit by Jacob Christiansen and loses puck.
12:30 of 1st period - Slapshot by William Eklund.
12:30 of 1st period - Stopped by Olle Eriksson Ek with a rebound.
13:19 of 1st period - Beck Malenstyn is hit by Connor Bunnaman and loses puck.
13:26 of 1st period - Kevin Connauton is hit by Beck Malenstyn and loses puck.
13:39 of 1st period - Marcus Bjork is hit by Jonah Gadjovich and loses puck.
14:25 of 1st period - Wrist shot by Connor McMichael.
14:25 of 1st period - Goal by Connor McMichael - Binghampton Senators : 3 - Manchester Monarchs : 1.
14:26 of 1st period - Brandon Gignac wins face-off versus Cole Guttman in neutral zone.
14:53 of 1st period - Tye Kartye is hit by Walker Duehr and loses puck.
15:16 of 1st period - Snap shot by Danila Klimovich.
15:16 of 1st period - Shot Misses the Net.
15:18 of 1st period - Slapshot by Philip Kemp.
15:18 of 1st period - Shot Blocked by Marcus Bjork.
15:20 of 1st period - Wrist shot by Danila Klimovich.
15:20 of 1st period - Stopped by Matthew Murray with a rebound.
15:30 of 1st period - Snap shot by Tye Kartye.
15:30 of 1st period - Shot Misses the Net.
15:32 of 1st period - Slapshot by Nick Cicek.
15:32 of 1st period - Stopped by Matthew Murray without a rebound.
15:33 of 1st period - Connor Bunnaman wins face-off versus Hendrix Lapierre in Manchester Monarchs zone.
15:33 of 1st period - Filip Kral beats up Roland McKeown.
15:33 of 1st period - Penalty to Filip Kral for Fighting.
15:33 of 1st period - Penalty to Roland McKeown for Fighting.
15:34 of 1st period - Ben Jones wins face-off versus Cole Guttman in Manchester Monarchs zone.
15:49 of 1st period - Wrist shot by Brendan Lemieux.
15:49 of 1st period - Shot Misses the Net.
15:59 of 1st period - Tye Kartye is hit by William Eklund.
16:07 of 1st period - Snap shot by Max Jones.
16:07 of 1st period - Stopped by Olle Eriksson Ek with a rebound.
16:14 of 1st period - Icing by Alex Petrovic.
16:15 of 1st period - Ben Jones wins face-off versus David Gustafsson in Binghampton Senators zone.
16:45 of 1st period - Marcus Bjork is hit by Joseph Cecconi and loses puck.
16:58 of 1st period - Philip Kemp is hit by Brendan Lemieux and loses puck.
17:15 of 1st period - Slapshot by Danila Klimovich.
17:15 of 1st period - Shot Misses the Net.
17:53 of 1st period - Snap shot by William Eklund.
17:53 of 1st period - Shot Misses the Net.
17:59 of 1st period - Snap shot by William Eklund.
17:59 of 1st period - Stopped by Olle Eriksson Ek with a rebound.
18:01 of 1st period - Slapshot by Kevin Connauton.
18:01 of 1st period - Shot Misses the Net.
18:03 of 1st period - Snap shot by Max Jones.
18:03 of 1st period - Stopped by Olle Eriksson Ek without a rebound.
18:04 of 1st period - Brandon Gignac wins face-off versus David Gustafsson in Binghampton Senators zone.
18:17 of 1st period - Snap shot by Olle Lycksell.
18:17 of 1st period - Stopped by Matthew Murray with a rebound.
18:29 of 1st period - Tye Kartye is hit by Brady Keeper and loses puck.
19:00 of 1st period - Oskar Back is hit by Kevin Connauton and loses puck.
19:11 of 1st period - Olle Lycksell is hit by Elliot Desnoyers and loses puck.
19:46 of 1st period - Connor Bunnaman is hit by Jonah Gadjovich and loses puck.
Goals for this period are 3 for Binghampton Senators vs 1 for Manchester Monarchs.
Shots for this period are 10 for Binghampton Senators vs 9 for Manchester Monarchs.

2nd period


0:01 of 2nd period - Jonah Gadjovich wins face-off versus David Gustafsson in neutral zone.
0:04 of 2nd period - Daemon Hunt is hit by Ben Jones and loses puck.
0:22 of 2nd period - Icing by Philip Kemp.
0:23 of 2nd period - Cole Guttman wins face-off versus Brandon Gignac in Binghampton Senators zone.
0:37 of 2nd period - Off-side.
0:38 of 2nd period - David Gustafsson wins face-off versus Ben Jones in neutral zone.
0:56 of 2nd period - Minor Penalty to Kevin Connauton for Roughing.
0:57 of 2nd period - Cole Guttman wins face-off versus Ben Jones in Manchester Monarchs zone.
0:57 of 2nd period - Cole Guttman is hit by Ben Jones.
2:56 of 2nd period - Penalty to Kevin Connauton is over, Kevin Connauton is back on ice.
3:01 of 2nd period - Wrist shot by Danila Klimovich.
3:01 of 2nd period - Shot Misses the Net.
3:03 of 2nd period - Slapshot by Philip Kemp.
3:03 of 2nd period - Stopped by Matthew Murray without a rebound.
3:04 of 2nd period - Danila Klimovich wins face-off versus William Eklund in Manchester Monarchs zone.
3:05 of 2nd period - Snap shot by Oskar Back.
3:05 of 2nd period - Stopped by Matthew Murray with a rebound.
4:58 of 2nd period - Icing by Brady Keeper.
4:59 of 2nd period - Ben Jones wins face-off versus William Eklund in Manchester Monarchs zone.
5:00 of 2nd period - Snap shot by Tye Kartye.
5:00 of 2nd period - Shot Blocked by Brady Keeper.
5:08 of 2nd period - Slapshot by William Eklund.
5:08 of 2nd period - Shot Misses the Net.
5:10 of 2nd period - Slapshot by Filip Kral.
5:10 of 2nd period - Shot Blocked by Jonah Gadjovich.
5:12 of 2nd period - Slapshot by William Eklund.
5:12 of 2nd period - Deflect By Max Jones.
5:12 of 2nd period - Shot Blocked by Alex Petrovic.
5:12 of 2nd period - Puck is out of play.
5:13 of 2nd period - Cole Guttman wins face-off versus Ben Jones in Binghampton Senators zone.
5:13 of 2nd period - Cole Guttman is hit by Alex Petrovic.
6:01 of 2nd period - Wrist shot by Hendrix Lapierre.
6:01 of 2nd period - Deflect By Tye Kartye.
6:01 of 2nd period - Shot Blocked by Kevin Connauton.
6:01 of 2nd period - Puck is out of play.
6:02 of 2nd period - Connor Bunnaman wins face-off versus Hendrix Lapierre in Manchester Monarchs zone.
7:35 of 2nd period - Wrist shot by Connor Bunnaman.
7:35 of 2nd period - Shot Misses the Net.
7:37 of 2nd period - Slapshot by Brendan Lemieux.
7:37 of 2nd period - Shot Misses the Net.
7:39 of 2nd period - Slapshot by Daemon Hunt.
7:39 of 2nd period - Shot Misses the Net.
7:41 of 2nd period - Snap shot by Connor McMichael.
7:41 of 2nd period - Stopped by Olle Eriksson Ek with a rebound.
7:55 of 2nd period - Wrist shot by Oskar Back.
7:55 of 2nd period - Shot Misses the Net.
7:57 of 2nd period - Snap shot by Oskar Back.
7:57 of 2nd period - Stopped by Matthew Murray with a rebound.
7:59 of 2nd period - Snap shot by Danila Klimovich.
7:59 of 2nd period - Shot Misses the Net.
8:17 of 2nd period - Wrist shot by Adam Beckman.
8:17 of 2nd period - Stopped by Olle Eriksson Ek with a rebound.
8:47 of 2nd period - Wrist shot by Olle Lycksell.
8:47 of 2nd period - Stopped by Matthew Murray without a rebound.
8:48 of 2nd period - William Eklund wins face-off versus Brandon Gignac in Manchester Monarchs zone.
9:19 of 2nd period - Wrist shot by David Gustafsson.
9:19 of 2nd period - Stopped by Olle Eriksson Ek with a rebound.
9:49 of 2nd period - Slapshot by Brandon Gignac.
9:49 of 2nd period - Stopped by Matthew Murray with a rebound.
9:51 of 2nd period - Slapshot by Joseph Cecconi.
9:51 of 2nd period - Deflect By Olle Lycksell.
9:51 of 2nd period - Goal by Olle Lycksell - Binghampton Senators : 4 - Manchester Monarchs : 1.
9:51 of 2nd period - Unknown Goalie enters game.
9:52 of 2nd period - Cole Guttman wins face-off versus Tye Kartye in neutral zone.
9:57 of 2nd period - Slapshot by Marcus Bjork.
9:57 of 2nd period - Stopped by Olle Eriksson Ek with a rebound.
10:19 of 2nd period - Nick Cicek is hit by Marcus Bjork and loses puck.
10:49 of 2nd period - Icing by Kevin Connauton.
10:50 of 2nd period - David Gustafsson wins face-off versus Brandon Gignac in Manchester Monarchs zone.
10:55 of 2nd period - Walker Duehr is hit by Olle Lycksell and loses puck.
11:04 of 2nd period - Wrist shot by Brandon Gignac.
11:04 of 2nd period - Shot Misses the Net.
11:25 of 2nd period - Brendan Lemieux is hit by Roland McKeown and loses puck.
11:36 of 2nd period - Slapshot by Brendan Lemieux.
11:36 of 2nd period - Stopped by Olle Eriksson Ek with a rebound.
11:38 of 2nd period - Slapshot by Angus Crookshank.
11:38 of 2nd period - Shot Blocked by Oskar Back.
11:40 of 2nd period - Slapshot by Kevin Connauton.
11:40 of 2nd period - Shot Misses the Net.
11:42 of 2nd period - Snap shot by Max Jones.
11:42 of 2nd period - Goal by Max Jones - Binghampton Senators : 4 - Manchester Monarchs : 2.
11:43 of 2nd period - Ben Jones wins face-off versus Cole Guttman in neutral zone.
11:46 of 2nd period - Wrist shot by Jonah Gadjovich.
11:46 of 2nd period - Stopped by Unknown Goalie with a rebound.
12:37 of 2nd period - Danila Klimovich is hit by Connor Bunnaman and loses puck.
13:38 of 2nd period - Slapshot by Elliot Desnoyers.
13:38 of 2nd period - Stopped by Olle Eriksson Ek with a rebound.
14:12 of 2nd period - Snap shot by Tyler Angle.
14:12 of 2nd period - Shot Hit the Post.
14:16 of 2nd period - Wrist shot by Hendrix Lapierre.
14:16 of 2nd period - Shot Hit the Post.
14:18 of 2nd period - Slapshot by Joseph Cecconi.
14:18 of 2nd period - Stopped by Unknown Goalie with a rebound.
14:20 of 2nd period - Slapshot by Joseph Cecconi.
14:20 of 2nd period - Goal by Joseph Cecconi - Binghampton Senators : 5 - Manchester Monarchs : 2.
14:21 of 2nd period - Cole Guttman wins face-off versus Ben Jones in neutral zone.
14:29 of 2nd period - Icing by Nick Cicek.
14:30 of 2nd period - Cole Guttman wins face-off versus Ben Jones in Binghampton Senators zone.
14:41 of 2nd period - Wrist shot by Jonah Gadjovich.
14:41 of 2nd period - Stopped by Unknown Goalie with a rebound.
14:43 of 2nd period - Slapshot by Alex Petrovic.
14:43 of 2nd period - Stopped by Unknown Goalie with a rebound.
14:45 of 2nd period - Backhand shot by Alex Petrovic.
14:45 of 2nd period - Shot Blocked by Brendan Lemieux.
14:47 of 2nd period - Snap shot by Jonah Gadjovich.
14:47 of 2nd period - Stopped by Unknown Goalie with a rebound.
14:49 of 2nd period - Wrist shot by Alex Petrovic.
14:49 of 2nd period - Goal by Alex Petrovic - Binghampton Senators : 6 - Manchester Monarchs : 2.
14:50 of 2nd period - Ben Jones wins face-off versus Cole Guttman in neutral zone.
14:53 of 2nd period - Connor McMichael is hit by Nick Cicek and loses puck.
15:04 of 2nd period - Snap shot by Connor McMichael.
15:04 of 2nd period - Stopped by Olle Eriksson Ek without a rebound.
15:05 of 2nd period - David Gustafsson wins face-off versus Olle Lycksell in Binghampton Senators zone.
15:06 of 2nd period - Slapshot by Elliot Desnoyers.
15:06 of 2nd period - Stopped by Olle Eriksson Ek without a rebound.
15:07 of 2nd period - David Gustafsson wins face-off versus Brandon Gignac in Binghampton Senators zone.
15:12 of 2nd period - Slapshot by Walker Duehr.
15:12 of 2nd period - Stopped by Olle Eriksson Ek without a rebound.
15:13 of 2nd period - Brandon Gignac wins face-off versus David Gustafsson in Binghampton Senators zone.
15:22 of 2nd period - Slapshot by Elliot Desnoyers.
15:22 of 2nd period - Shot Misses the Net.
15:40 of 2nd period - Snap shot by Jonah Gadjovich.
15:40 of 2nd period - Deflect By Ben Jones.
15:40 of 2nd period - Shot Misses the Net.
15:40 of 2nd period - Puck is out of play.
15:41 of 2nd period - Cole Guttman wins face-off versus Ben Jones in Manchester Monarchs zone.
16:07 of 2nd period - Joseph Cecconi is hit by Daemon Hunt and loses puck.
17:28 of 2nd period - Wrist shot by Brendan Lemieux.
17:28 of 2nd period - Shot Blocked by Joseph Cecconi.
17:30 of 2nd period - Snap shot by Brendan Lemieux.
17:30 of 2nd period - Shot Misses the Net.
17:32 of 2nd period - Slapshot by Kevin Connauton.
17:32 of 2nd period - Stopped by Olle Eriksson Ek with a rebound.
17:34 of 2nd period - Wrist shot by Connor McMichael.
17:34 of 2nd period - Shot Blocked by Roland McKeown.
17:36 of 2nd period - Wrist shot by Cole Guttman.
17:36 of 2nd period - Stopped by Olle Eriksson Ek with a rebound.
17:38 of 2nd period - Snap shot by Brendan Lemieux.
17:38 of 2nd period - Stopped by Olle Eriksson Ek with a rebound.
17:40 of 2nd period - Snap shot by Cole Guttman.
17:40 of 2nd period - Shot Hit the Post.
17:42 of 2nd period - Snap shot by Connor McMichael.
17:42 of 2nd period - Shot Misses the Net.
18:14 of 2nd period - Off-side.
18:15 of 2nd period - Brandon Gignac wins face-off versus David Gustafsson in neutral zone.
18:15 of 2nd period - Brandon Gignac is hit by Marcus Bjork.
18:21 of 2nd period - Slapshot by Olle Lycksell.
18:21 of 2nd period - Shot Blocked by Marcus Bjork.
Goals for this period are 3 for Binghampton Senators vs 1 for Manchester Monarchs.
Shots for this period are 13 for Binghampton Senators vs 13 for Manchester Monarchs.

3rd period


0:01 of 3rd period - Ben Jones wins face-off versus David Gustafsson in neutral zone.
1:02 of 3rd period - Wrist shot by Oskar Back.
1:02 of 3rd period - Goal by Oskar Back - Binghampton Senators : 7 - Manchester Monarchs : 2.
1:03 of 3rd period - Ben Jones wins face-off versus Cole Guttman in neutral zone.
1:03 of 3rd period - Connor McMichael and Tye Kartye fight to a draw.
1:03 of 3rd period - Penalty to Connor McMichael for Fighting.
1:03 of 3rd period - Penalty to Tye Kartye for Fighting.
1:04 of 3rd period - Ben Jones wins face-off versus Elliot Desnoyers in neutral zone.
1:07 of 3rd period - Snap shot by Jonah Gadjovich.
1:07 of 3rd period - Goal by Jonah Gadjovich - Binghampton Senators : 8 - Manchester Monarchs : 2.
1:07 of 3rd period - Matthew Murray enters game.
1:08 of 3rd period - David Gustafsson wins face-off versus Ben Jones in neutral zone.
1:12 of 3rd period - Daemon Hunt and Ben Jones fight to a draw.
1:12 of 3rd period - Penalty to Daemon Hunt for Fighting.
1:12 of 3rd period - Penalty to Ben Jones for Fighting.
1:13 of 3rd period - David Gustafsson wins face-off versus Xavier Bourgault in Binghampton Senators zone.
1:15 of 3rd period - Jonah Gadjovich beats up Walker Duehr.
1:15 of 3rd period - Penalty to Walker Duehr for Fighting.
1:15 of 3rd period - Penalty to Jonah Gadjovich for Fighting.
1:16 of 3rd period - Xavier Bourgault wins face-off versus David Gustafsson in Binghampton Senators zone.
1:22 of 3rd period - Minor Penalty to Alex Petrovic for Hooking.
1:23 of 3rd period - Cole Guttman wins face-off versus Oskar Back in Binghampton Senators zone.
1:34 of 3rd period - Brandon Gignac is hit by Mathias Emilio Pettersen and loses puck.
3:22 of 3rd period - Penalty to Alex Petrovic is over, Alex Petrovic is back on ice.
4:21 of 3rd period - Icing by Philip Kemp.
4:22 of 3rd period - Connor Bunnaman wins face-off versus Danila Klimovich in Binghampton Senators zone.
4:48 of 3rd period - Alex Petrovic is hit by Connor Bunnaman and loses puck.
5:09 of 3rd period - Justin Kirkland is hit by Elliot Desnoyers and loses puck.
5:51 of 3rd period - Roland McKeown is hit by Brendan Lemieux and loses puck.
6:18 of 3rd period - Icing by Nick Cicek.
6:19 of 3rd period - Oskar Back wins face-off versus David Gustafsson in Binghampton Senators zone.
6:25 of 3rd period - Slapshot by Nick Cicek.
6:25 of 3rd period - Stopped by Matthew Murray with a rebound.
6:35 of 3rd period - Slapshot by Ben Jones.
6:35 of 3rd period - Deflect By Marcus Bjork.
6:35 of 3rd period - Stopped by Matthew Murray with a rebound.
6:59 of 3rd period - Brendan Lemieux is hit by Beck Malenstyn and loses puck.
7:12 of 3rd period - Minor Penalty to Xavier Bourgault for Holding Stick.
7:13 of 3rd period - Tye Kartye wins face-off versus Cole Guttman in Binghampton Senators zone.
7:13 of 3rd period - Tye Kartye is hit by Kevin Connauton.
7:23 of 3rd period - Ben Jones is hit by Kevin Connauton and loses puck.
7:53 of 3rd period - Nick Cicek is hit by David Gustafsson and loses puck.
9:12 of 3rd period - Penalty to Xavier Bourgault is over, Xavier Bourgault is back on ice.
9:36 of 3rd period - Snap shot by Brandon Gignac.
9:36 of 3rd period - Stopped by Matthew Murray with a rebound.
9:38 of 3rd period - Snap shot by Brandon Gignac.
9:38 of 3rd period - Shot Misses the Net.
9:52 of 3rd period - Snap shot by Mathias Emilio Pettersen.
9:52 of 3rd period - Stopped by Olle Eriksson Ek with a rebound.
11:18 of 3rd period - Marcus Bjork is hit by Nick Cicek and loses puck.
11:45 of 3rd period - Wrist shot by Oskar Back.
11:45 of 3rd period - Stopped by Matthew Murray with a rebound.
11:55 of 3rd period - William Eklund is hit by Justin Kirkland and loses puck.
12:13 of 3rd period - Joseph Cecconi is hit by Elliot Desnoyers and loses puck.
12:50 of 3rd period - Ben Jones is hit by William Eklund.
13:11 of 3rd period - Mathias Emilio Pettersen is hit by Beck Malenstyn and loses puck.
13:16 of 3rd period - Wrist shot by Danila Klimovich.
13:16 of 3rd period - Stopped by Matthew Murray with a rebound.
13:28 of 3rd period - Icing by Brendan Lemieux.
13:29 of 3rd period - Hendrix Lapierre wins face-off versus Cole Guttman in Manchester Monarchs zone.
13:30 of 3rd period - Wrist shot by Tye Kartye.
13:30 of 3rd period - Goal by Tye Kartye - Binghampton Senators : 9 - Manchester Monarchs : 2.
13:31 of 3rd period - Cole Guttman wins face-off versus Brandon Gignac in neutral zone.
13:37 of 3rd period - Brendan Lemieux and Justin Kirkland fight to a draw.
13:37 of 3rd period - Penalty to Brendan Lemieux for Fighting.
13:37 of 3rd period - Penalty to Justin Kirkland for Fighting.
13:37 of 3rd period - Penalty to Brendan Lemieux for instigated a fight.
13:37 of 3rd period - Penalty to Brendan Lemieux for instigated a fight.
13:38 of 3rd period - Ben Jones wins face-off versus Cole Guttman in Manchester Monarchs zone.
13:54 of 3rd period - Off-side.
13:55 of 3rd period - Ben Jones wins face-off versus Connor McMichael in neutral zone.
13:58 of 3rd period - Wrist shot by Jonah Gadjovich.
13:58 of 3rd period - Stopped by Matthew Murray with a rebound.
14:00 of 3rd period - Snap shot by Ben Jones.
14:00 of 3rd period - Stopped by Matthew Murray with a rebound.
14:08 of 3rd period - Snap shot by Tye Kartye.
14:08 of 3rd period - Stopped by Matthew Murray with a rebound.
14:22 of 3rd period - Olle Lycksell is hit by Cole Guttman.
15:37 of 3rd period - Penalty to Brendan Lemieux is over, Walker Duehr is send on ice.
15:50 of 3rd period - Wrist shot by Adam Beckman.
15:50 of 3rd period - Deflect By Mathias Emilio Pettersen.
15:50 of 3rd period - Shot Blocked by Oskar Back.
15:50 of 3rd period - Puck is out of play.
15:51 of 3rd period - Connor Bunnaman wins face-off versus Danila Klimovich in Binghampton Senators zone.
16:16 of 3rd period - Brady Keeper is hit by Jonah Gadjovich and loses puck.
17:51 of 3rd period - Hendrix Lapierre is hit by Filip Kral and loses puck.
18:55 of 3rd period - Angus Crookshank is hit by Joseph Cecconi and loses puck.
19:34 of 3rd period - Wrist shot by Ben Jones.
19:34 of 3rd period - Stopped by Matthew Murray with a rebound.
19:51 of 3rd period - Icing by Philip Kemp.
19:52 of 3rd period - Ben Jones wins face-off versus David Gustafsson in Binghampton Senators zone.
19:52 of 3rd period - Ben Jones is hit by Filip Kral.
19:58 of 3rd period - Snap shot by Olle Lycksell.
19:58 of 3rd period - Stopped by Matthew Murray with a rebound.
Goals for this period are 3 for Binghampton Senators vs 0 for Manchester Monarchs.
Shots for this period are 13 for Binghampton Senators vs 1 for Manchester Monarchs.




Output by the SimonT Hockey Simulator (STHS) for Alexandre Lamarre - Original Page W3C HTML5 Valid
Hockey Simulator - Hockey Simulation - Hockey Manager